 Dungeon Crawl Stone Soup version 0.26-a0-648-g87339cca5e (webtiles) character file.

Game seed: 12318958258485033166

13236 kkri the Thaumaturge (level 12, -1/94 HPs)
             Began as a Gnoll Warper on Sept 25, 2020.
             Splashed by an oklob plant's acid (13 damage)
             ... on level 2 of the Lair of Beasts.
             The game lasted 00:54:41 (14257 turns).

kkri the Thaumaturge (Gnoll Warper)                Turns: 14257, Time: 00:54:42

Health: -1/94      AC:  6    Str: 15    XL:     12   Next: 3%
Magic:  21/24      EV: 16    Int: 16    God:
Gold:   234        SH: 13    Dex: 18    Spells: 19/28 levels left

rFire    . . .     SeeInvis .   H - +5 spear (venom)
rCold    . . .     Faith    .   L - +2 buckler {rPois}
rNeg     . . .     Spirit   .   S - +0 swamp dragon scales
rPois    +         Reflect  +   f - +2 helmet
rElec    .         Harm     .   K - scarf {+Inv}
rCorr    .         Rampage  .   m - +0 pair of gloves
MR       .....                  (no boots)
Stlth    +++.......             E - amulet of reflection
HPRegen  0.25/turn              s - ring of wizardry
MPRegen  0.19/turn              t - ring of flight

@: corroded
A: distributed training, fangs 1, strong nose
a: Evoke Invisibility, Evoke Flight


You were on level 2 of the Lair of Beasts.
You visited 3 branches of the dungeon, and saw 11 of its levels.

You collected 584 gold pieces.
You spent 350 gold pieces at shops.

Inventory:

Hand Weapons
 a - the +7 mace of Variability {chain chaos}
   (You found it on level 8 of the Dungeon)

   Each time it hits an enemy it has a different, random effect.
 B - a +0 quarterstaff of speed
 H - a +5 spear of venom (weapon)
Missiles
 e - 4 boomerangs of dispersal
 i - 395 stones
 n - 4 datura-tipped darts
 q - 48 poisoned darts (quivered)
 u - 5 boomerangs
 D - 7 silver javelins
 G - 4 curare-tipped darts
Armour
 f - a +2 helmet (worn)
 m - a +0 pair of gloves (worn)
 K - a scarf of invisibility (worn)
 L - a +2 buckler of poison resistance (worn)
 S - +0 swamp dragon scales (worn)
Jewellery
 s - a ring of wizardry (left hand)
 t - a ring of flight (right hand)
 x - a cursed ring of positive energy {unknown}
 E - an amulet of reflection (around neck)
Wands
 N - a wand of acid (11)
 P - a wand of paralysis (7)
Scrolls
 c - 2 scrolls of identify
 d - a scroll of blinking
 h - a scroll of amnesia
 j - 4 scrolls of magic mapping
 l - 7 scrolls of remove curse
 p - 4 scrolls of enchant armour
 w - 8 scrolls of teleportation
 y - 2 scrolls of random uselessness {unknown}
 F - 2 scrolls of fog {unknown}
 J - 2 scrolls of fear {unknown}
 Q - a scroll of holy word {unknown}
Potions
 b - a potion of magic {unknown}
 g - 3 potions of ambrosia
 k - 2 potions of resistance
 r - a potion of might {unknown}
 v - 2 potions of invisibility
 z - 3 potions of brilliance {unknown}
 A - 2 potions of berserk rage
 C - 3 potions of degeneration {unknown}
 I - 2 potions of flight {unknown}
 M - 3 potions of lignification {unknown}
 O - a potion of cancellation {unknown}
Miscellaneous
 o - a box of beasts (inert)
 R - a lightning rod (3/4)


   Skills:
 + Level 8.3 Fighting
 + Level 6.8 Short Blades
 + Level 6.8 Long Blades
 + Level 6.8 Axes
 + Level 6.8 Maces & Flails
 + Level 8.3 Polearms
 + Level 6.8 Staves
 + Level 6.8 Slings
 + Level 6.8 Bows
 + Level 6.8 Crossbows
 + Level 7.4 Throwing
 + Level 7.4 Armour
 + Level 8.3 Dodging
 + Level 6.8 Stealth
 + Level 6.8 Shields
 + Level 6.8 Unarmed Combat
 + Level 8.6 Spellcasting
 + Level 5.7 Conjurations
 + Level 5.7 Hexes
 + Level 5.7 Summonings
 + Level 5.7 Necromancy
 + Level 8.0 Translocations
 + Level 5.7 Transmutations
 + Level 5.7 Fire Magic
 + Level 5.7 Ice Magic
 + Level 5.7 Air Magic
 + Level 5.7 Earth Magic
 + Level 5.7 Poison Magic
 + Level 7.5 Invocations
 + Level 6.8 Evocations


You had 19 spell levels left.
You knew the following spells:

 Your Spells              Type           Power        Failure   Level
a - Blink                 Tloc           N/A          1%          2
b - Teleport Other        Tloc           ####....     1%          3
c - Summon Lightning Spi  Summ/Air       ####....     8%          4

Your spell library contained the following spells:

 Spells                   Type           Power        Failure   Level
 Summon Small Mammal      Summ           ####         1%          1
 Call Imp                 Summ           ####....     1%          2
 Gell's Gravitas          Tloc           ####......   1%          3
 Lesser Beckoning         Tloc           ####......   1%          3
 Call Canine Familiar     Summ           ####....     2%          3
 Summon Guardian Golem    Hex/Summ       ####....     2%          3
 Passage of Golubria      Tloc           N/A          2%          4
 Summon Ice Beast         Ice/Summ       ####....     8%          4


Dungeon Overview and Level Annotations

Branches:
Dungeon (8/15)             Temple (1/1) D:4            Lair (2/6) D:8
  Swamp: Lair:2-4    Shoals: Lair:2-4     Snake: Lair:2-4    Spider: Lair:2-4

Altars:
Ashenzari
Cheibriados
Dithmenos
Elyvilon
Fedhas
Gozag
Hepliaklqana
Kikubaaqudgha
Makhleb
Nemelex Xobeh
Okawaru
Qazlal
Ru
Sif Muna
Trog
Uskayaw
Vehumet
Wu Jian
Xom
Yredelemnul
Zin
The Shining One

Shops:
D:5 (*   D:7 **   D:8 [

Annotations:
D:3 Natasha
Lair:2 exclusion: oklob plant


Innate Abilities, Weirdness & Mutations

Your experience applies equally to all skills.
You have very sharp teeth.
Your uncanny sense of smell can sniff out nearby items.


Message History

Aim: an oklob plant (heavily damaged, very poisoned)
You throw a poisoned dart. The poisoned dart hits the oklob plant.
The oklob plant is heavily damaged.
The oklob plant spits acid at you. The splash of acid misses you.
Throwing (i - inventory. (/) - cycle)
q - 50 poisoned darts (quivered)
Press: ? - help, Shift-Dir - straight line, f/p - oklob plant
Aim: an oklob plant (heavily damaged, very poisoned)
You throw a poisoned dart. The poisoned dart hits the oklob plant.
The oklob plant is heavily damaged.
Throwing (i - inventory. (/) - cycle)
q - 49 poisoned darts (quivered)
Press: ? - help, Shift-Dir - straight line, f/p - oklob plant
Aim: an oklob plant (heavily damaged, very poisoned)
You throw a poisoned dart. The poisoned dart hits the oklob plant!
The oklob plant is heavily damaged.
The oklob plant spits acid at you. The splash of acid hits you!
* * * LOW HITPOINT WARNING * * *
The acid corrodes you!
You are splashed with acid!
You die... #..........##......##.. ##......+...#.......#†.. #......P#....#.......#.. # ##........###.......##.. ..####......#.#..........#.. ∆ +P.................>....#.. ..)...................###.
PPP......................

∆PPP.....@................
PPP......÷...........##+.
.....!..$.8#.###.P.........+#
.##........#.####........##.<
...........##...'.÷......##..
...........P#.....†......P#..
............#...#.†.......#..
.....P.....#....##...........
............#...#............


You could see an oklob plant (very poisoned) and a friendly lightning spire
(summoned).

Vanquished Creatures
  A hydra (Lair:1)
  Pikel (D:5)
  4 oklob plants (Lair:1)
  2 black mambas (Lair:2)
  Maggie (D:8)
  3 cane toads (Lair:1)
  A rime drake (Lair:1)
  A troll (D:8)
  Prince Ribbit (D:6)
  2 hippogriffs (D:8)
  Sigmund (D:2)
  2 wraiths (D:7)
  7 yaks
  A basilisk (Lair:1)
  3 chaos spawn (D:8)
  Edmund (D:6)
  3 water moccasins
  Duvessa (D:6)
  5 porcupines
  2 orc warriors
  A sky beast (D:6)
  2 necrophages (D:7)
  3 ogres
  8 wolves (Lair:2)
  2 centaurs
  6 crocodiles
  An elf zombie (D:7)
  A lemure (D:5)
  9 bullfrogs
  Blork the orc (D:6)
  2 gnoll sergeants
  5 scorpions
  Dowan (D:6)
  2 wights (D:7)
  2 hounds (D:6)
  A quasit (D:8)
  2 human zombies (D:7)
  4 orc priests
  7 orc wizards
  Jessica (D:2)
  2 iguanas
  Ijyb (D:4)
  Natasha (twice) (D:3)
  A human skeleton (D:7)
  3 worker ants
  4 hound zombies
  2 mummies (D:7)
  A howler monkey zombie (D:6)
  2 worker ant zombies
  11 adders
  6 gnolls
  2 shadow imps
  3 white imps
  2 ufetubi (D:7)
  2 oozes (D:2)
  3 worms
  An adder skeleton (D:4)
  4 leopard geckos
  26 orcs
  3 giant cockroaches
  4 goblins
  7 hobgoblins
  7 jackals
  3 kobolds
  5 quokkas
  3 ball pythons
  4 bats
  4 frilled lizards
  A jackal skeleton (D:5)
  A leopard gecko skeleton (D:5)
  An orc skeleton (D:7)
  An orc zombie (D:7)
  3 rats
229 creatures vanquished.

Vanquished Creatures (collateral kills)
  An oklob plant (Lair:1)
  A cane toad (Lair:1)
  A komodo dragon (Lair:1)
  A yak (Lair:1)
  A porcupine (Lair:1)
5 creatures vanquished.

Vanquished Creatures (others)
  A yak (Lair:1)
  43 fungi (D:8)
  73 plants
117 creatures vanquished.

Grand Total: 351 creatures vanquished

Notes
Turn   | Place    | Note
-------+----------+-------------------------------------------
     0 | D:1      | kkri the Gnoll Warper began the quest for the Orb.
     0 | D:1      | Reached XP level 1. HP: 20/20 MP: 6/6
   491 | D:1      | Reached XP level 2. HP: 25/26 MP: 7/7
  1065 | D:2      | Reached skill level 5 in Spellcasting
  1065 | D:2      | Reached XP level 3. HP: 28/31 MP: 7/9
  1293 | D:2      | Reached skill level 1 in Invocations
  1306 | D:2      | Noticed Sigmund
  1328 | D:2      | Killed Sigmund
  1328 | D:2      | Reached skill level 1 in Short Blades
  1328 | D:2      | Reached skill level 1 in Long Blades
  1328 | D:2      | Reached skill level 1 in Axes
  1328 | D:2      | Reached skill level 1 in Maces & Flails
  1328 | D:2      | Reached skill level 1 in Staves
  1328 | D:2      | Reached skill level 1 in Slings
  1328 | D:2      | Reached skill level 1 in Bows
  1328 | D:2      | Reached skill level 1 in Crossbows
  1328 | D:2      | Reached skill level 1 in Stealth
  1328 | D:2      | Reached skill level 1 in Shields
  1328 | D:2      | Reached skill level 1 in Unarmed Combat
  1328 | D:2      | Reached skill level 1 in Conjurations
  1328 | D:2      | Reached skill level 1 in Hexes
  1328 | D:2      | Reached skill level 1 in Summonings
  1328 | D:2      | Reached skill level 1 in Necromancy
  1328 | D:2      | Reached skill level 1 in Transmutations
  1328 | D:2      | Reached skill level 1 in Fire Magic
  1328 | D:2      | Reached skill level 1 in Ice Magic
  1328 | D:2      | Reached skill level 1 in Air Magic
  1328 | D:2      | Reached skill level 1 in Earth Magic
  1328 | D:2      | Reached skill level 1 in Poison Magic
  1328 | D:2      | Reached skill level 1 in Evocations
  1328 | D:2      | Reached XP level 4. HP: 5/38 MP: 11/11
  1328 | D:2      | Reached XP level 5. HP: 5/43 MP: 12/12
  1695 | D:2      | Noticed Jessica
  1701 | D:2      | Killed Jessica
  1701 | D:2      | Reached XP level 6. HP: 50/50 MP: 13/13
  1741 | D:2      | Found a faded altar of an unknown god.
  1868 | D:2      | Learned a level 2 spell: Blink
  2356 | D:3      | Found a broken altar of Ashenzari.
  2520 | D:3      | Noticed Natasha
  2527 | D:3      | Killed Natasha
  2573 | D:3      | Reached skill level 5 in Fighting
  2573 | D:3      | Reached skill level 5 in Polearms
  2573 | D:3      | Reached skill level 5 in Dodging
  2900 | D:3      | Noticed Natasha
  2905 | D:3      | Killed Natasha
  3186 | D:3      | Noticed Natasha
  3365 | D:4      | Reached XP level 7. HP: 38/56 MP: 15/15
  3552 | D:4      | Noticed Ijyb
  3614 | D:4      | Killed Ijyb
  3709 | D:4      | Found a staircase to the Ecumenical Temple.
  3725 | Temple   | Entered the Ecumenical Temple
  4235 | D:5      | Entered Level 5 of the Dungeon
  4239 | D:5      | Found Pukalual's Antique Weapon Emporium.
  4273 | D:5      | Found Hauxus's Serpentskin Sales.
  5014 | D:5      | Reached XP level 8. HP: 36/63 MP: 16/16
  5317 | D:5      | Noticed Pikel
  5332 | D:5      | Killed Pikel
  5670 | D:5      | Bought a +2 buckler of poison resistance for 259 gold
                  | pieces
  5701 | D:6      | Noticed Blork the orc
  5714 | D:6      | Killed Blork the orc
  5977 | D:6      | Noticed Duvessa
  5977 | D:6      | Noticed Dowan
  5992 | D:6      | Killed Dowan
  6004 | D:6      | Killed Duvessa
  6004 | D:6      | Reached XP level 9. HP: 45/69 MP: 18/18
  6334 | D:6      | Noticed Prince Ribbit
  6349 | D:6      | Killed Prince Ribbit
  6349 | D:6      | Reached skill level 5 in Throwing
  6349 | D:6      | Reached skill level 5 in Armour
  6515 | D:6      | Noticed Edmund
  6534 | D:6      | Killed Edmund
  6998 | D:7      | Reached skill level 5 in Invocations
  7065 | D:7      | Found a basalt altar of Yredelemnul.
  7373 | D:7      | Reached XP level 10. HP: 77/77 MP: 20/20
  7466 | D:7      | Reached skill level 5 in Short Blades
  7466 | D:7      | Reached skill level 5 in Long Blades
  7466 | D:7      | Reached skill level 5 in Axes
  7466 | D:7      | Reached skill level 5 in Maces & Flails
  7466 | D:7      | Reached skill level 5 in Staves
  7466 | D:7      | Reached skill level 5 in Slings
  7466 | D:7      | Reached skill level 5 in Bows
  7466 | D:7      | Reached skill level 5 in Crossbows
  7466 | D:7      | Reached skill level 5 in Stealth
  7466 | D:7      | Reached skill level 5 in Shields
  7466 | D:7      | Reached skill level 5 in Unarmed Combat
  7466 | D:7      | Reached skill level 5 in Evocations
  7471 | D:7      | Learned a level 3 spell: Teleport Other
  7614 | D:7      | Found Dyip's General Store.
  7648 | D:7      | Bought a potion of curing for 42 gold pieces
  7648 | D:7      | Bought a scroll of magic mapping for 49 gold pieces
  8035 | D:7      | Found Cougoluw's Assorted Antiques.
  8176 | D:8      | Noticed Maggie
  8197 | D:8      | Killed Maggie
  8229 | D:8      | Found a shimmering altar of Xom.
  8526 | D:8      | Found a staircase to the Lair.
  8967 | D:8      | Found the +7 mace of Variability {chain chaos}
  8982 | D:8      | Found Ihousom's Antique Armour Emporium.
  9289 | Lair:1   | Entered Level 1 of the Lair of Beasts
  9331 | Lair:1   | Reached XP level 11. HP: 49/84 MP: 22/22
  9356 | Lair:1   | Noticed an eight-headed hydra
  9380 | Lair:1   | Killed an eight-headed hydra
  9380 | Lair:1   | Reached skill level 5 in Conjurations
  9380 | Lair:1   | Reached skill level 5 in Hexes
  9380 | Lair:1   | Reached skill level 5 in Summonings
  9380 | Lair:1   | Reached skill level 5 in Necromancy
  9380 | Lair:1   | Reached skill level 5 in Transmutations
  9380 | Lair:1   | Reached skill level 5 in Fire Magic
  9380 | Lair:1   | Reached skill level 5 in Ice Magic
  9380 | Lair:1   | Reached skill level 5 in Air Magic
  9380 | Lair:1   | Reached skill level 5 in Earth Magic
  9380 | Lair:1   | Reached skill level 5 in Poison Magic
  9745 | Lair:1   | Found a white marble altar of Elyvilon.
  9745 | Lair:1   | Noticed an oklob plant
  9758 | Lair:1   | Killed an oklob plant
 11054 | Lair:1   | Noticed an oklob plant
 11070 | Lair:1   | Killed an oklob plant
 11268 | Lair:1   | Noticed an oklob plant
 11284 | Lair:1   | HP: 2/86 [acid (4)]
 12990 | Lair:1   | Learned a level 4 spell: Summon Lightning Spire
 13018 | Lair:1   | Killed an oklob plant
 13078 | Lair:1   | Noticed an oklob plant
 13079 | Lair:1   | Noticed an oklob plant
 13118 | Lair:1   | Killed an oklob plant
 13382 | Lair:1   | Killed an oklob plant
 13868 | Lair:2   | Reached XP level 12. HP: 86/94 MP: 24/24
 14257 | Lair:2   | Splashed by an oklob plant's acid

Illustrated notes

Levels and vault maps discovered:
D:1:      dpeg_chamrin_arrival_tetris, layout_basic
D:2:      layout_loops_ring, chequers_ecumenical_altar_simple_redux,
          grunt_ministairs_9, minmay_misc_feat_alley, st_stairs_13,
          uniq_jessica, uniq_sigmund
D:3:      layout_loops_corners, ashenzari_conservatory_becter, uniq_natasha
D:4:      layout_basic, minmay_temple_entry_statues_pillars, uniq_ijyb
D:5:      layout_rooms, serial_shops, shop, guppyfry_shop_venom, uniq_pikel
D:6:      layout_gridville, uniq_duvessa, uniq_prince_ribbit1, uniq_edmund,
          uniq_blork_the_orc
D:7:      layout_cave_pools, serial_shops, shop_fountains,
          nicolae_shop_overgrown_old_shop, lemuel_mausoleum_altar_yredelemnul
D:8:      layout_loops_ring, due_lair_maze_entry_diamond, serial_shops,
          nicolae_shop_crystal, minmay_guarded_unrand_variability, uniq_maggie
Temple:   nicolae_temple_the_god_donut
Lair:1:   minmay_lair_oklob_tunnel, layout_cave_shapes, lemuel_oklob_altar,
          lemuel_fruit_tree, grunt_megastairs_4
Lair:2:   layout_regular_city, dummy_snake_entry, ebering_ghost_reflecting_pool,
          minmay_lair_oklob_bushes, grunt_megastairs_5

Skill      XL: |  1  2  3  4  5  6  7  8  9 10 11 |
---------------+----------------------------------+-----
Spellcasting   | 5 6 7 8 |  8.6
Invocations    | 1 2 3 4 5 6 7 |  7.5
Short Blades   | 1 2 3 4 5 6 |  6.8
Long Blades    | 1 2 3 4 5 6 |  6.8
Axes           | 1 2 3 4 5 6 |  6.8
Maces & Flails | 1 2 3 4 5 6 |  6.8
Staves         | 1 2 3 4 5 6 |  6.8
Slings         | 1 2 3 4 5 6 |  6.8
Bows           | 1 2 3 4 5 6 |  6.8
Crossbows      | 1 2 3 4 5 6 |  6.8
Throwing       | 3 4 5 6 7 |  7.4
Armour         | 3 4 5 6 7 |  7.4
Stealth        | 1 2 3 4 5 6 |  6.8
Shields        | 1 2 3 4 5 6 |  6.8
Unarmed Combat | 1 2 3 4 5 6 |  6.8
Conjurations   | 1 2 3 4 5 |  5.7
Hexes          | 1 2 3 4 5 |  5.7
Summonings     | 1 2 3 4 5 |  5.7
Necromancy     | 1 2 3 4 5 |  5.7
Transmutations | 1 2 3 4 5 |  5.7
Fire Magic     | 1 2 3 4 5 |  5.7
Ice Magic      | 1 2 3 4 5 |  5.7
Air Magic      | 1 2 3 4 5 |  5.7
Earth Magic    | 1 2 3 4 5 |  5.7
Poison Magic   | 1 2 3 4 5 |  5.7
Evocations     | 1 2 3 4 5 6 |  6.8
Fighting       | 5 6 7 8 |  8.3
Polearms       | 5 6 7 8 |  8.3
Dodging        | 5 6 7 8 |  8.3
Translocations | 6 7 8 |  8.0

Action                   |  1- 3 |  4- 6 |  7- 9 | 10-12 || total
-------------------------+-------+-------+-------+-------++-------
Melee: Spear             |    85 |   148 |   291 |   505 ||  1029
       Bite              |     6 |    18 |    48 |    55 ||   127
       Punch             |       |     3 |       |       ||     3
       Quarterstaff      |       |       |   133 |       ||   133
       Unarmed           |       |       |    24 |       ||    24
Throw: Dart              |     8 |     8 |    31 |    64 ||   111
       Javelin           |       |       |     6 |    33 ||    39
       Boomerang         |       |       |       |    24 ||    24
 Cast: Summon Lightning  |       |       |       |    14 ||    14
       Blink             |       |       |       |     5 ||     5
       Teleport Other    |       |       |       |     1 ||     1
Evoke: Wand              |       |       |       |     3 ||     3
       Box of beasts     |       |       |       |     3 ||     3
       Lightning rod     |       |       |       |     1 ||     1
  Use: Scroll            |       |     3 |     6 |     1 ||    10
       Potion            |       |       |     3 |     5 ||     8
 Stab: Sleeping          |     2 |     2 |     8 |     3 ||    15
       Distracted        |       |       |     1 |       ||     1
       Paralysed         |       |       |       |     8 ||     8
Armor: Leather armour    |     9 |       |       |       ||     9
       Ring mail         |     4 |    26 |    57 |    11 ||    98
       Skin              |       |       |     1 |       ||     1
       Swamp dragon scal |       |       |       |    87 ||    87
Dodge: Dodged            |    38 |    66 |   165 |   198 ||   467
Block: Buckler           |       |       |    50 |   144 ||   194

Table legend: (Time is in decaauts)
 A = Elapsed time spent in this place.
 B = Non-inter-level travel time spent in this place.
 C = Inter-level travel time spent in this place.
 D = Time resting spent in this place.
 E = Time spent auto-exploring this place.
 F = Levels seen in this place.
 G = Mean time per level.
                   A        B        C        D        E       F      G
               +--------+--------+--------+--------+--------+-----+--------+
         Total |  13981 |  13448 |    533 |   4160 |   7232 |  11 | 1271.0 |
       Dungeon |   9241 |   8914 |    327 |   1750 |   5706 |   8 | 1155.1 |
        Temple |    302 |    243 |     59 |      0 |    233 |   1 |  302.0 |
          Lair |   4437 |   4291 |    146 |   2410 |   1293 |   2 | 2218.5 |
               +--------+--------+--------+--------+--------+-----+--------+

Top non-repeatable levels by time:
  Lair:1: 3783 daAuts
     D:8: 1518 daAuts
     D:2: 1471 daAuts
     D:5: 1431 daAuts
     D:7: 1367 daAuts
     D:3: 1101 daAuts
     D:6: 1036 daAuts
     D:1: 666 daAuts
  Lair:2: 653 daAuts
     D:4: 648 daAuts
  Temple: 302 daAuts
